 Dungeon Crawl Stone Soup version 0.26-a0-660-gc07710193c (webtiles) character file.

Game seed: 2266990863965353857

43 marklar909 the Cutter (level 3, -4/23 HPs)
             Began as a Kobold Monk on Oct 5, 2020.
             Slain by a hound (6 damage)
             ... on level 2 of the Dungeon.
             The game lasted 00:01:55 (1870 turns).

marklar909 the Cutter (Kobold Monk)                 Turns: 1870, Time: 00:01:55

Health: -4/23      AC:  2    Str:  8    XL:     3   Next: 82%
Magic:  3/3        EV: 17    Int: 11    God:
Gold:   50         SH:  0    Dex: 18    Spells: 2/2 levels left

rFire    . . .     SeeInvis .   b - +0 hunting sling
rCold    . . .     Faith    .   (shield restricted)
rNeg     . . .     Spirit   .   k - +0 robe
rPois    .         Reflect  .   (no helmet)
rElec    .         Harm     .   (no cloak)
rCorr    .         Rampage  .   (no gloves)
MR       .....                  (no boots)
Stlth    ++++......             (no amulet)
HPRegen  0.07/turn              (no ring)
MPRegen  0.08/turn              (no ring)

@: no status effects
A: small, nightstalker 3
a: no special abilities


You were on level 2 of the Dungeon.
You visited 1 branch of the dungeon, and saw 2 of its levels.

You collected 50 gold pieces.

Inventory:

Hand Weapons
 a - a +0 short sword
 b - a +0 hunting sling (weapon)
Missiles
 j - 30 bolts
 l - 28 stones (quivered)
 n - 14 arrows
Armour
 k - a +0 robe (worn)
Jewellery
 d - a +6 ring of dexterity {unknown}
 e - a +6 ring of intelligence {unknown}
 g - an uncursed ring of positive energy {unknown}
Scrolls
 h - a scroll of teleportation {unknown}
 i - a scroll of enchant armour {unknown}
 m - a scroll of identify {unknown}
Potions
 c - a potion of brilliance {unknown}
 f - a potion of haste {unknown}
 o - 2 potions of stabbing {unknown}


   Skills:
 + Level 3.6 Fighting
 + Level 4.8 Short Blades
 + Level 0.6 Slings
 + Level 3.9 Dodging
 + Level 3.4 Stealth


You had 2 spell levels left.
You didn't know any spells.
Your spell library was empty.

Dungeon Overview and Level Annotations

Branches:
Dungeon (2/15)

Altars:
Xom


Innate Abilities, Weirdness & Mutations

You are small and have problems with some larger weapons.
You are completely attuned to the shadows.


Message History

The hound bites you. The hound bites you but does no damage.
Unknown command.
Firing (i - inventory)
l - 31 stones (quivered)
Press: ? - help, Shift-Dir - straight line, f/p - hound
Aim: a hound (severely wounded)
You shoot a stone. The stone closely misses the hound.
The hound bites you.
* * * LOW HITPOINT WARNING * * *
The hound misses you.
Firing (i - inventory)
l - 30 stones (quivered)
Press: ? - help, Shift-Dir - straight line, f/p - hound
Aim: a hound (severely wounded)
You shoot a stone.
The stone hits the hound but does no damage.
The hound is severely wounded.
The hound bites you but does no damage. The hound barely misses you.
Firing (i - inventory)
l - 29 stones (quivered)
Press: ? - help, Shift-Dir - straight line, f/p - hound
Aim: a hound (severely wounded)
You shoot a stone. The stone closely misses the hound.
The hound bites you.
You die...

######## .......### .
.......'.# ..
.......###########(##
................@h(.(
.......###########.##
......## (. #####.# .
#...#.# ....#.#
#.###.# #.# #.# #.#
#.####


You could see a hound.

Vanquished Creatures
  A gnoll (D:1)
  A worm (D:2)
  2 dart slugs
  A leopard gecko (D:2)
  A giant cockroach (D:1)
  7 goblins
  3 hobgoblins (D:1)
  3 bats
  2 frilled lizards
  3 kobolds (D:1)
  A rat (D:2)
25 creatures vanquished.

Notes
Turn   | Place    | Note
-------+----------+-------------------------------------------
     0 | D:1      | marklar909 the Kobold Monk began the quest for the Orb.
     0 | D:1      | Reached XP level 1. HP: 14/14 MP: 1/1
   224 | D:1      | Found a shimmering altar of Xom.
   276 | D:1      | Reached XP level 2. HP: 19/19 MP: 2/2
  1027 | D:1      | Reached XP level 3. HP: 14/23 MP: 3/3
  1432 | D:2      | HP: 1/23 [worm (11)]
  1870 | D:2      | Slain by a hound

Illustrated notes

Levels and vault maps discovered:
D:1:      dpeg_arrival_castle, layout_basic, xom_teletrap_fun
D:2:      layout_basic, marbit_many_paths, serial_curves, eino_curves_02,
          eino_curves_04, uniq_natasha

Skill      XL: |  1  2 |
---------------+-------+-----
Stealth        | 3 |  3.4
Fighting       | |  3.6
Short Blades   | |  4.8
Slings         | |  0.6
Dodging        | |  3.9

Action                   || total
-------------------------++-------
Melee: Short sword       ||    72
 Fire: Hunting sling     ||    56
 Stab: Sleeping          ||     5
Armor: Robe              ||    13
Dodge: Dodged            ||    98

Table legend: (Time is in decaauts)
 A = Elapsed time spent in this place.
 B = Non-inter-level travel time spent in this place.
 C = Inter-level travel time spent in this place.
 D = Time resting spent in this place.
 E = Time spent auto-exploring this place.
 F = Levels seen in this place.
 G = Mean time per level.
                   A        B        C        D        E       F      G
               +--------+--------+--------+--------+--------+-----+--------+
         Total |   1871 |   1725 |    146 |      6 |   1458 |   2 |  935.5 |
       Dungeon |   1871 |   1725 |    146 |      6 |   1458 |   2 |  935.5 |
               +--------+--------+--------+--------+--------+-----+--------+

Top non-repeatable levels by time:
     D:1: 1347 daAuts
     D:2: 524 daAuts
